 Dungeon Crawl Stone Soup version 0.27.1-34-g3ba077fa99 (webtiles) character file.

Game seed: 9494369315323040346

576 Karpo the Covert (level 7, -1/32 HPs)
             Began as a Spriggan Enchanter on Jan 24, 2022.
             Was an Initiate of Dithmenos.
             Slain by a wyvern skeleton (5 damage)
             ... on level 5 of the Dungeon.
             The game lasted 00:17:43 (7615 turns).

Karpo the Covert (Spriggan Enchanter)               Turns: 7615, Time: 00:17:44

Health: -1/32      AC:  5    Str:  4    XL:     7   Next: 12%
Magic:  14/14      EV: 17    Int: 18    God:    Dithmenos [......]
Gold:   189        SH:  0    Dex: 16    Spells: 8/14 levels left

rFire    . . .     SeeInvis +   a - +2 dagger
rCold    . . .     Faith    .   (shield restricted)
rNeg     . . .     Spirit   .   b - +1 robe
rPois    .         Reflect  .   (helmet restricted)
rElec    .         Harm     .   l - +1 cloak
rCorr    .         Rampage  .   (gloves unavailable)
Will     +....                  (boots unavailable)
Stlth    ++++......             (no amulet)
HPRegen  0.10/turn              k - ring of wizardry
MPRegen  0.14/turn              (no ring)

@: very quick
A: very small, no large weapons, unfitting armour, see invisible, speed 3
a: Renounce Religion


You were on level 5 of the Dungeon.
You worshipped Dithmenos.
Dithmenos was noncommittal.
You visited 2 branches of the dungeon, and saw 6 of its levels.

You collected 189 gold pieces.

Inventory:

Hand Weapons
 a - a +2 dagger (weapon)
 j - a +0 short sword
Armour
 b - a +1 robe (worn)
 l - a +1 cloak (worn)
Jewellery
 c - a +6 ring of intelligence
 k - a ring of wizardry (left hand)
Scrolls
 i - 2 scrolls of identify
Potions
 d - a potion of cancellation {unknown}
 e - 3 potions of curing
 f - a potion of degeneration
 g - 2 potions of berserk rage
 h - a potion of heal wounds


   Skills:
 - Level 5.0 Short Blades
 - Level 2.6 Dodging
 - Level 8.0 Stealth
 - Level 4.0 Spellcasting
 + Level 5.7 Hexes


You had 8 spell levels left.
You knew the following spells:

 Your Spells              Type           Power      Damage    Failure   Level
a - Corona                Hex            26%        N/A       1%          1
b - Ensorcelled Hibernat  Hex/Ice        26%        N/A       2%          2
c - Confusing Touch       Hex            24%        N/A       1%          3

Your spell library contained the following spells:

 Spells                   Type           Power      Damage    Failure   Level
 Tukima's Dance           Hex            24%        N/A       1%          3
 Summon Small Mammal      Summ           12%        N/A       6%          1
 Dazzling Flash           Conj/Hex       26%        N/A       6%          3
 Summon Guardian Golem    Hex/Summ       13%        N/A       6%          3
 Call Canine Familiar     Summ           3%         N/A       17%         3
 Frozen Ramparts          Ice            6%         1d2       17%         3
 Ice Form                 Ice/Tmut       3%         N/A       47%         4
 Summon Ice Beast         Ice/Summ       3%         N/A       47%         4


Dungeon Overview and Level Annotations

Branches:
Dungeon (5/15)             Temple (1/1) D:5

Altars:
Ashenzari
Cheibriados
Dithmenos
Elyvilon
Fedhas
Gozag
Hepliaklqana
Kikubaaqudgha
Makhleb
Qazlal
Sif Muna
Trog
Vehumet
Wu Jian
Xom
Yredelemnul
Zin
The Shining One

Shops:
D:1 !   D:2 !(   D:3 [

Annotations:
D:5 2 transporters, elgoggo's ghost, weakling TrDe


Innate Abilities, Weirdness & Mutations

You are very small and have problems with some larger weapons.
You are too small for most types of armour.
You have supernaturally acute eyesight. (SInv)
You cover ground extremely quickly. (Speed+++)


Message History

The helpless iguana fails to defend itself.
You skewer the iguana like a kebab!!!
You kill the iguana!
Dithmenos accepts your kill.
You start resting.
Magic restored.
You start resting.
A wyvern skeleton is nearby!
You see here an iguana corpse.
You hit the wyvern skeleton.
The wyvern skeleton is lightly damaged.
The wyvern skeleton bites you!
The ogre shouts!
You hit the wyvern skeleton.
The wyvern skeleton is lightly damaged.
You hear a shout!
The wyvern skeleton closely misses you.
You hit the wyvern skeleton but do no damage.
The wyvern skeleton is lightly damaged.
The wyvern skeleton misses you.
You hit the wyvern skeleton.
The wyvern skeleton is moderately damaged.
The wyvern skeleton closely misses you.
The ogre shouts!
You hit the wyvern skeleton.
The wyvern skeleton is moderately damaged.
The wyvern skeleton misses you.
You hit the wyvern skeleton.
The wyvern skeleton is moderately damaged.
The wyvern skeleton closely misses you.
You hit the wyvern skeleton.
The wyvern skeleton is heavily damaged.
The wyvern skeleton misses you. The wyvern skeleton bites you!
* * * LOW HITPOINT WARNING * * *
You hit the wyvern skeleton.
The wyvern skeleton is heavily damaged.
The wyvern skeleton closely misses you.
The wyvern skeleton bites you but does no damage.
The wyvern skeleton bites you.
You die...

#.##.......#?....©
#.##.###..©#..##..
#.^..# #...#.#O.#.
..##.###...#.#..#
#...
#.......#.O##..
#...
###.....#O$....
#...####.###.######
#........# #.###.#
#.#.####@###.###.##
#....Z..†..)..#
#.##.###.###..#
..#............#
###.##.######...#
.###.##.######...#
........)..#.....#
####.##.##.......#
# #.####.#.....


You could see a wyvern skeleton.

Vanquished Creatures
  An ogre (D:3)
  A bullfrog (D:5)
  A scorpion (D:5)
  2 hounds (D:5)
  2 gnoll shamans
  Terence (D:2)
  An iguana (D:5)
  8 gnolls
  4 adders
  An adder skeleton (D:5)
  A worm (D:2)
  A dart slug (D:4)
  10 orcs
  10 endoplasms
  4 goblins
  7 hobgoblins
  4 jackals
  2 quokkas
  7 ball pythons
  4 bats
  4 frilled lizards
  5 kobolds
  4 rats
85 creatures vanquished.

Vanquished Creatures (others)
  2 plants (D:5)
2 creatures vanquished.

Grand Total: 87 creatures vanquished

Notes
Turn   | Place    | Note
-------+----------+-------------------------------------------
     0 | D:1      | Karpo the Spriggan Enchanter began the quest for the Orb.
     0 | D:1      | Reached XP level 1. HP: 9/9 MP: 5/5
   207 | D:1      | Found Asiewiurph's Distillery.
   614 | D:2      | Found Toajo's Distillery.
   803 | D:1      | Reached XP level 2. HP: 13/13 MP: 6/6
   813 | D:1      | Reached skill level 5 in Stealth
   817 | D:1      | Learned a level 2 spell: Ensorcelled Hibernation
  1861 | D:2      | Reached XP level 3. HP: 16/16 MP: 5/8
  1923 | D:2      | Found Maetsawa's Weapon Emporium.
  2022 | D:3      | Found Eciennosipp's Armour Emporium.
  2267 | D:2      | Noticed Terence
  2273 | D:2      | Killed Terence
  2274 | D:2      | Reached skill level 6 in Stealth
  2376 | D:2      | Reached XP level 4. HP: 19/21 MP: 4/9
  2407 | D:2      | Learned a level 3 spell: Confusing Touch
  4260 | D:3      | Found a basalt altar of Yredelemnul.
  4285 | D:3      | Noticed an ogre
  4296 | D:3      | Killed an ogre
  4297 | D:3      | Reached skill level 7 in Stealth
  4297 | D:3      | Reached XP level 5. HP: 24/24 MP: 3/10
  5049 | D:4      | Found a hazy altar of Hepliaklqana.
  5070 | D:4      | Found an opulent altar of Gozag.
  5082 | D:5      | Entered Level 5 of the Dungeon
  5305 | D:4      | Reached skill level 8 in Stealth
  5380 | D:4      | Reached XP level 6. HP: 22/28 MP: 6/11
  5786 | D:4      | Found a glowing golden altar of the Shining One.
  6261 | D:4      | Reached skill level 5 in Short Blades
  6483 | D:5      | Found a bloodstained altar of Trog.
  6488 | D:5      | Found an ancient bone altar of Kikubaaqudgha.
  6488 | D:5      | Found a shimmering blue altar of Sif Muna.
  6496 | D:5      | Found a staircase to the Ecumenical Temple.
  6512 | Temple   | Entered the Ecumenical Temple
  6644 | Temple   | Became a worshipper of Dithmenos the Shadowed
  7181 | D:5      | Reached skill level 5 in Hexes
  7181 | D:5      | Reached XP level 7. HP: 18/32 MP: 8/14
  7398 | D:5      | Found a transporter.
  7400 | D:5      | Noticed elgoggo's ghost (weakling TrDe)
  7402 | D:5      | Found a transporter.
  7615 | D:5      | Slain by a wyvern skeleton

Illustrated notes

Levels and vault maps discovered:
D:1:      lightli_arrival_lavapool, layout_basic, serial_shops, shop,
          minmay_quantized
D:2:      layout_loops_ring, serial_shops,
          nicolae_shop_competitors_out_of_business, shop, amethyst_killhole,
          uniq_terence
D:3:      layout_rooms, mainiacjoe_overflow_24_doors, serial_shops, shop,
          kennysheep_generic_room_15
D:4:      layout_layer_cave, mainiacjoe_overflow_small_starburst,
          nicolae_tso_swordbearing_angel, mainiacjoe_overflow_cross_hatched
D:5:      layout_loops_ring, gammafunk_temple_overflow_forgotten,
          minmay_temple_entry_arrows, serial_shops, kennysheep_mini,
          gammafunk_ghost_smash
Temple:   minmay_temple_curvy_loop

Skill      XL: |  1  2  3  4  5  6 |
---------------+-------------------+-----
Stealth        | 5 6 7 8 |  8.0
Short Blades   | 2 3 4 5 |  5.0
Spellcasting   | 4 |  4.0
Hexes          | 5 |  5.7
Dodging        | |  2.6

Action                   |  1- 3 |  4- 6 |  7- 9 || total
-------------------------+-------+-------+-------++-------
Melee: Dagger            |    95 |   164 |    29 ||   288
 Cast: Ensorcelled Hiber |     3 |    47 |     2 ||    52
  Use: Scroll            |       |     7 |       ||     7
 Stab: Sleeping          |    17 |    30 |     2 ||    49
Armor: Robe              |    11 |     8 |     2 ||    21
Dodge: Dodged            |    62 |   127 |    15 ||   204
